 Dungeon Crawl Stone Soup version 0.20-a0-923-g548304e (webtiles) character file.

6138 nikopol the Cleaver (level 10, -10/138 HPs)
             Began as a Minotaur Berserker on Mar 26, 2017.
             Was a High Priest of Trog.
             Mangled by a 12-headed hydra (12 damage)
             ... on level 1 of the Lair of Beasts.
             The game lasted 00:18:07 (8505 turns).

nikopol the Cleaver (Minotaur Berserker)            Turns: 8505, Time: 00:18:07

Health: -10/138    AC:  8    Str: 28    XL:     10   Next: 59%
Magic:  9/9        EV: 16    Int:  4    God:    Trog [*****.]
Gold:   552        SH:  0    Dex: 15    Spells: 9/9 levels left

rFire    . . .     SeeInvis .   a - +1 war axe
rCold    . . .     Gourm    .   (no shield)
rNeg     . . .     Faith    .   q - +0 ring mail
rPois    .         Spirit   .   (helmet restricted)
rElec    .         Reflect  .   (no cloak)
rCorr    .         Harm     .   n - +2 pair of gloves
MR       .....                  I - +0 pair of boots (curse)
Stlth    ..........             (no amulet)
Regen    0.4/turn               J - -3 ring of protection (curse)
MPRegen  0.2/turn               N - +3 ring of dexterity

@: berserking, very quick
A: retaliatory headbutt, horns 2
a: Berserk, Trog's Hand, Brothers in Arms, Burn Spellbooks, Renounce Religion


You were on level 1 of the Lair of Beasts.
You worshipped Trog.
Trog was extremely pleased with you.
You were hungry.

You visited 2 branches of the dungeon, and saw 10 of its levels.

You collected 552 gold pieces.

Inventory:

Hand Weapons
 a - a +1 war axe (weapon)
 p - a +0 hand axe
 z - a +0 shortbow
 E - a cursed -3 hand axe
 F - a +0 war axe
Missiles
 l - 172 arrows (quivered)
Armour
 b - a +0 animal skin
 e - a +0 leather armour
 h - a +2 pair of gloves
 n - a +2 pair of gloves (worn)
 q - a +0 ring mail (worn)
 I - a cursed +0 pair of boots (worn)
Jewellery
 m - an uncursed ring of positive energy
 H - an uncursed ring of resist corrosion
 J - a cursed -3 ring of protection (left hand)
 N - a +3 ring of dexterity (right hand)
Wands
 M - a wand of acid (7/15)
 O - a wand of disintegration (13/24)
 P - a wand of lightning (11/15)
 Q - a wand of disintegration (6/24)
 S - a wand of disintegration (7/24)
Scrolls
 d - 11 scrolls of identify {unknown}
 f - 3 scrolls of magic mapping {unknown}
 k - 2 scrolls of amnesia {unknown}
 o - a scroll of recharging {unknown}
 u - 2 scrolls of teleportation {unknown}
 v - 6 scrolls of remove curse {unknown}
 w - 4 scrolls of blinking {unknown}
 y - 3 scrolls of enchant weapon {unknown}
 A - 2 scrolls of immolation {unknown}
 K - a scroll of vulnerability {unknown}
 L - 2 scrolls of noise {unknown}
Potions
 i - 3 potions of heal wounds {unknown}
 j - a potion of might {unknown}
 s - a potion of brilliance {unknown}
 x - 4 potions of curing {unknown}
 B - 2 potions of invisibility {unknown}
 C - 2 potions of mutation {unknown}
 D - 2 potions of magic {unknown}
 G - 3 potions of degeneration {unknown}
Comestibles
 c - 7 bread rations
 g - 6 meat rations
 r - a royal jelly
 t - 6 fruits


   Skills:
 + Level 9.6 Fighting
 * Level 10.6 Axes
 * Level 6.5 Bows
 + Level 8.5 Armour
 + Level 7.9 Dodging


You had 9 spell levels left.
You didn't know any spells.

Dungeon Overview and Level Annotations

Branches:
Dungeon (9/15)             Temple (0/1) D:4            Lair (1/6) D:8
    Orc: D:9-12

Altars:
Ashenzari
Elyvilon
Gozag
Hepliaklqana
Makhleb
Nemelex Xobeh
Qazlal
Sif Muna
Trog
Uskayaw
Yredelemnul
Zin

Shops:
D:6 !   D:8 (


Innate Abilities, Weirdness & Mutations

You reflexively headbutt those who attack you in melee.
You have a pair of horns on your head.


Message History

* * * LOW HITPOINT WARNING * * *
You slice one of the ten-headed hydra's heads off!
The nine-headed hydra grows two more!
You slash the 11-headed hydra!
The 11-headed hydra is moderately wounded.
You slice the porcupine!!
You kill the porcupine!
Trog accepts your kill.
Trog will gift you weapons as your piety grows.
You slice one of the 11-headed hydra's heads off!
The ten-headed hydra grows two more!
You slice the 12-headed hydra!! You headbutt the 12-headed hydra!
The 12-headed hydra is severely wounded.
The 12-headed hydra bites you.
* * * LOW HITPOINT WARNING * * *
The 12-headed hydra bites you but does no damage.
The 12-headed hydra barely misses you. The 12-headed hydra closely misses you.
The 12-headed hydra bites you!
* * * LOW HITPOINT WARNING * * *
The 12-headed hydra bites you!
You die...

......#..... ..
.....P..... ...
......P...##..$
..........#....
...............
...............
............(..
.>...(.@D......
...............
...............
...............
...............
....#P.........
.######..#.#...
#######..


You could see a 12-headed hydra.

Vanquished Creatures
  Pikel (D:4)
  Joseph (D:7)
  An ice statue (D:7)
  4 trolls
  Grinder (D:5)
  Prince Ribbit (D:9)
  Sigmund (D:4)
  A hungry ghost (D:7)
  A steam dragon (D:9)
  A porcupine (Lair:1)
  3 ice beasts
  A sky beast (D:9)
  3 ogres
  2 wolves
  3 centaurs
  2 bullfrogs
  A wyvern zombie (D:8)
  A wyvern skeleton (D:9)
  8 killer bees
  An oklob sapling (D:4)
  An electric eel (D:8)
  9 wights (D:6)
  A howler monkey (D:6)
  2 crimson imps
  A jelly (D:7)
  6 hounds
  A bullfrog skeleton (D:7)
  A gnoll shaman (D:6)
  2 orc priests (D:3)
  8 orc wizards
  3 iguanas
  Jessica (D:3)
  7 worker ants
  2 hound skeletons
  A worker ant zombie (D:2)
  9 gnolls
  6 adders
  A shadow imp (D:7)
  2 oozes (D:3)
  An adder skeleton (D:7)
  An adder zombie (D:7)
  A worm (D:2)
  A dart slug (D:2)
  4 leopard geckos
  29 orcs
  3 bats
  3 giant cockroaches
  11 goblins
  4 hobgoblins
  5 jackals
  4 kobolds
  A quokka (D:3)
  A ball python (D:3)
  2 frilled lizards
  A giant cockroach zombie (D:2)
  2 jackal skeletons
  A leopard gecko skeleton (D:2)
  2 quokka zombies
  3 rats
  13 plants (D:4)
195 creatures vanquished.

Vanquished Creatures (others)
  A slave (D:6)
  An ogre (D:4)
  A hobgoblin (D:4)
3 creatures vanquished.

Grand Total: 198 creatures vanquished

Notes
Turn   | Place    | Note
-------+----------+-------------------------------------------
     0 | D:1      | nikopol the Minotaur Berserker began the quest for the Orb.
     0 | D:1      | Reached XP level 1. HP: 19/19 MP: 0/0
   429 | D:1      | Reached XP level 2. HP: 24/27 MP: 1/1
   845 | D:2      | Found a sparkling altar of Nemelex Xobeh.
   923 | D:2      | Reached ** piety under Trog
   950 | D:2      | Reached skill level 4 in Axes
   950 | D:2      | Reached XP level 3. HP: 23/33 MP: 2/2
  1145 | D:2      | Found a basalt altar of Yredelemnul.
  1647 | D:3      | Reached XP level 4. HP: 38/41 MP: 3/3
  1653 | D:3      | Noticed an ice beast
  1654 | D:3      | Found a glowing silver altar of Zin.
  1657 | D:3      | Killed an ice beast
  1657 | D:3      | Reached skill level 5 in Fighting
  1657 | D:3      | Reached XP level 5. HP: 25/48 MP: 4/4
  2024 | D:3      | Found an opulent altar of Gozag.
  2063 | D:3      | Reached skill level 5 in Axes
  2073 | D:3      | Reached XP level 6. HP: 44/56 MP: 5/5
  2167 | D:3      | Noticed Jessica
  2172 | D:3      | Killed Jessica
  2172 | D:3      | Reached *** piety under Trog
  2438 | D:4      | Noticed Pikel
  2438 | D:4      | Noticed a slave
  2438 | D:4      | Noticed a slave
  2438 | D:4      | Noticed a slave
  2440 | D:4      | Noticed a slave
  2456 | D:4      | Killed Pikel
  2456 | D:4      | Reached skill level 6 in Axes
  2456 | D:4      | Reached skill level 5 in Armour
  2456 | D:4      | Reached skill level 5 in Dodging
  2456 | D:4      | Reached XP level 7. HP: 53/64 MP: 6/6
  2497 | D:4      | Found a shattered altar of Ashenzari.
  2738 | D:4      | Found a bloodstained altar of Trog.
  2769 | D:4      | Noticed Sigmund
  2796 | D:4      | Killed Sigmund
  2796 | D:4      | Reached skill level 7 in Axes
  2796 | D:4      | Reached XP level 8. HP: 73/73 MP: 7/7
  3420 | D:4      | Found a staircase to the Ecumenical Temple.
  3596 | D:5      | Entered Level 5 of the Dungeon
  3684 | D:5      | Noticed Grinder
  3705 | D:5      | Killed Grinder
  3705 | D:5      | Reached skill level 1 in Bows
  3924 | D:5      | Found a burning altar of Makhleb.
  4063 | D:5      | Found a deep blue altar of Sif Muna.
  4072 | D:5      | Received a gift from Trog
  4308 | D:6      | Found a white marble altar of Elyvilon.
  4368 | D:6      | Reached skill level 8 in Axes
  4376 | D:6      | Reached **** piety under Trog
  4376 | D:6      | Reached XP level 9. HP: 81/81 MP: 8/8
  4386 | D:6      | Found a hazy altar of Hepliaklqana.
  4604 | D:6      | Found Furgha Cehoq's Distillery.
  4877 | D:6      | Found a stormy altar of Qazlal.
  5003 | D:7      | Received a gift from Trog
  5316 | D:7      | Noticed Joseph
  5463 | D:7      | Killed Joseph
  5463 | D:7      | Reached skill level 9 in Axes
  5826 | D:7      | Reached skill level 5 in Bows
  6014 | D:7      | Noticed an ice statue
  6045 | D:7      | Killed an ice statue
  6200 | D:8      | Found a hide-covered altar of Uskayaw.
  6300 | D:8      | Reached XP level 10. HP: 82/91 MP: 9/9
  6815 | D:8      | Found a staircase to the Lair.
  7309 | D:8      | Found Piotsati's Antique Weapon Emporium.
  7465 | D:9      | Reached skill level 10 in Axes
  7876 | D:9      | Noticed Prince Ribbit
  7892 | D:9      | Killed Prince Ribbit
  8494 | Lair:1   | Entered Level 1 of the Lair of Beasts
  8494 | Lair:1   | Noticed a seven-headed hydra
  8504 | Lair:1   | Reached ***** piety under Trog
  8505 | Lair:1   | HP: 2/138 [12-headed hydra (8)]
  8505 | Lair:1   | Mangled by a 12-headed hydra

Vault maps used:
D:1:      tarquinn_simple_flora_water_f
D:2:      yredelemnul_altar_generic, overflow_temple_1_default, serial_undead,
          serial_undead_d, serial_undead_f, serial_undead_d, serial_undead_c
D:3:      marbit_many_paths, lemuel_round_altar, kennysheep_doodads,
          uniq_jessica
D:4:      ashenzari_conservatory_becter, bloody_trog, minmay_temple_entry_oklob,
          first_bread, uniq_pikel, uniq_sigmund
D:5:      led_sif_book, lemuel_coloured_pillars_altar, uniq_grinder
D:6:      elyvilon_altar_5, nicolae_qazlal_eye_of_the_storm,
          nicolae_overflow_crystal_walls, serial_shops, shop_statue,
          lemuel_statue_altar
D:7:      lemuel_ice_statue, uniq_joseph
D:8:      old_standard_altar, erik_lair_island, serial_shops, shop_statue
D:9:      uniq_prince_ribbit1
Lair:1:   pond, uniq_gastronok

Skill      XL: |  1  2  3  4  5  6  7  8  9 10 |
---------------+-------------------------------+-----
Fighting       | 4 5 6 7 8 9 |  9.6
Axes           | 4 5 6 7 8 9 10 | 10.6
Dodging        | 3 4 5 6 7 |  7.9
Armour         | 3 4 5 6 7 8 |  8.5
Bows           | 2 5 6 |  6.5

Action                   |  1- 3 |  4- 6 |  7- 9 | 10-12 || total
-------------------------+-------+-------+-------+-------++-------
Melee: Hand axe          |    64 |       |       |       ||    64
       Headbutt          |    15 |    10 |    80 |    17 ||   122
       War axe           |    17 |    71 |   293 |    69 ||   450
 Fire: Shortbow          |       |       |   139 |   107 ||   246
Invok: Burn Spellbooks   |     1 |       |       |       ||     1
       Berserk           |       |       |     5 |     1 ||     6
  Eat: Chunk             |     2 |     3 |    16 |     8 ||    29
       Royal jelly       |       |       |     1 |       ||     1
Armor: Animal skin       |     2 |       |       |       ||     2
       Leather armour    |     8 |       |       |       ||     8
       Ring mail         |     2 |    21 |    88 |    38 ||   149
Dodge: Dodged            |    53 |    48 |   168 |   109 ||   378
